 Dungeon Crawl Stone Soup version 0.20.1-1-g8b1a95d (webtiles) character file.

100 eeldvark the Conjurer (level 5, 0/35 HPs)
             Began as a Human Conjurer on Nov 23, 2017.
             Succumbed to an orc wizard's poison
             ... on level 3 of the Dungeon.
             The game lasted 00:12:37 (2193 turns).

eeldvark the Conjurer (Human Conjurer)              Turns: 2193, Time: 00:12:38

Health: 0/35       AC:  3    Str:  9    XL:     5   Next: 3%
Magic:  5/9        EV: 12    Int: 16    God:
Gold:   149        SH:  0    Dex: 13    Spells: 7/10 levels left

rFire    . . .     SeeInvis .   i - +0 dagger
rCold    . . .     Gourm    .   (no shield)
rNeg     . . .     Faith    .   a - +0 robe
rPois    .         Spirit   .   (no helmet)
rElec    .         Reflect  .   (no cloak)
rCorr    .         Harm     .   m - +0 pair of gloves
MR       .....                  (no boots)
Stlth    ++........             (no amulet)
Regen    0.2/turn               (no ring)
MPRegen  0.2/turn               (no ring)

@: lethally poisoned (0 -> -6), flying, hasted, very quick
A: no striking features
a: no special abilities


You were on level 3 of the Dungeon.
You were hungry.

You visited 1 branch of the dungeon, and saw 3 of its levels.

You collected 149 gold pieces.

Inventory:

Hand Weapons
 e - a +0 club
 i - a +0 dagger (weapon)
 j - a +0 dagger
Armour
 a - a +0 robe (worn)
 m - a +0 pair of gloves (worn)
Scrolls
 d - a scroll of noise {unknown}
 h - 2 scrolls of amnesia {unknown}
 k - a scroll of immolation {unknown}
 n - a scroll of magic mapping {unknown}
 o - a scroll of identify
 p - a scroll of enchant armour {unknown}
 r - a scroll of fear {unknown}
Books
 b - a book of Conjurations

   Spells                             Type                      Level
   a - Magic Dart                     Conjuration                  1
   b - Searing Ray                    Conjuration                  2
   c - Dazzling Spray                 Conjuration/Hexes            3
   d - Fulminant Prism                Conjuration/Hexes            4
   e - Force Lance                    Conjuration/Translocation    4
   f - Iskenderun's Mystic Blast      Conjuration                  4
Comestibles
 c - 3 bread rations
 l - a fruit


   Skills:
 + Level 3.2 Short Blades
 - Level 2.0 Dodging
 - Level 2.0 Stealth
 - Level 3.0 Spellcasting
 - Level 4.0 Conjurations


You had 7 spell levels left.
You knew the following spells:

 Your Spells              Type           Power        Failure   Level  Hunger
a - Magic Dart            Conj           ###.         3%          1    #......
b - Searing Ray           Conj           ###...       5%          2    ##.....


Dungeon Overview and Level Annotations

Branches:
Dungeon (3/15)

Altars:
Makhleb

Annotations:
D:3 Purgy


Message History

* * * LOW HITPOINT WARNING * * *
You feel sick.
Found 15 sling bullets.
* * * LOW HITPOINT WARNING * * *
You feel sick.
* * * LOW HITPOINT WARNING * * *
You feel sick.
* * * LOW HITPOINT WARNING * * *
You feel sick.
* * * LOW HITPOINT WARNING * * *
You feel sick.
An orc wizard appears from thin air!
Reactivating autopickup.
You aren't carrying any potions.
Unknown command.
* * * LOW HITPOINT WARNING * * *
You feel sick.
Your magical contamination has completely faded away.
An adder comes into view.
You die...

..#.....#...............o########
.##.....#................#
........#....#...##.....## #####
... .....+..........# #.... ..
.....#..........# #.### ...
................# #.# ..
...#............#####.# ..
#..................# ..
##...@............## .
#....>.#........._..# ..
##.#...#...........## .. .
#.#.##........### .. .....
#........# ## ... ............#
.S. ..........#### ...
.....#....# ..#....


You could see an adder (sleeping).

Vanquished Creatures
  An orc wizard (D:3)
  2 adders (D:2)
  A worm (D:2)
  A dart slug (D:2)
  A leopard gecko (D:3)
  An orc (D:3)
  A ball python (D:3)
  2 giant cockroaches (D:2)
  5 goblins
  8 hobgoblins
  3 jackals (D:1)
  6 kobolds
  A quokka (D:2)
  8 bats
  2 frilled lizards
  7 rats
50 creatures vanquished.

Notes
Turn   | Place    | Note
-------+----------+-------------------------------------------
     0 | D:1      | eeldvark the Human Conjurer began the quest for the Orb.
     0 | D:1      | Reached XP level 1. HP: 13/13 MP: 3/3
   522 | D:1      | Reached XP level 2. HP: 19/19 MP: 2/5
   910 | D:1      | Learned a level 2 spell: Searing Ray
  1150 | D:2      | Reached XP level 3. HP: 24/24 MP: 7/7
  1183 | D:2      | Reached skill level 1 in Short Blades
  1266 | D:2      | Found a faded altar of an unknown god.
  1384 | D:2      | Reached XP level 4. HP: 26/30 MP: 3/8
  2010 | D:3      | Noticed Purgy
  2093 | D:3      | Found a burning altar of Makhleb.
  2150 | D:3      | Reached XP level 5. HP: 33/35 MP: 4/9
  2191 | D:3      | HP: 1/35 [poisoned by an orc wizard]
  2193 | D:3      | Succumbed to an orc wizard's poison

Skill      XL: |  1  2  3  4 |
---------------+-------------+-----
Short Blades   | 2 3 |  3.2
Spellcasting   | 3 |  3.0
Dodging        | |  2.0
Stealth        | |  2.0
Conjurations   | |  4.0

Action                   |  1- 3 |  4- 6 || total
-------------------------+-------+-------++-------
Melee: Club              |    19 |       ||    19
       Unarmed           |     2 |       ||     2
       Dagger            |    55 |    56 ||   111
 Cast: Magic Dart        |    37 |    16 ||    53
       Searing Ray       |     2 |     1 ||     3
  Use: Potion            |     1 |     3 ||     4
       Scroll            |       |     1 ||     1
 Stab: Invisible         |     2 |       ||     2
       Sleeping          |     1 |     5 ||     6
  Eat: Chunk             |     2 |     2 ||     4
Armor: Robe              |    13 |     5 ||    18
Dodge: Dodged            |    65 |    36 ||   101
